cohdb
Replays
Latest Replays
All Replays
Popular Replays
Top Player Replays
Match Explorer
How It Works
Community
CoH3 Stats
Reddit
Sign in to upload your games and track your stats! →
Sign in with Steam
Match 42348913
Unlisted
Match 42348913
Overview
Messages
Build Orders
End
Pioneer Squad
Construct Infanterie Kompanie
Grenadier Squad
Grenadier Squad
Grenadier Squad
Infanterie Officer Quarters
Grenadier Squad
Selects Mechanized Battlegroup
Construct Luftwaffe Kompanie
221 Scout Car
Selects Raid Package
Selects StuG Assault Group
Jäger Squad
Jäger Squad
Monsieur Nathan
Mishi
0
0
Comments
sign in to comment!
No comments posted yet!